 Dungeon Crawl Stone Soup version 0.31-a0-845-g9abc20d24f (webtiles) character file.

Game seed: 364197551502774803

26702 BinkBink the Impaler (level 13, -4/119 HPs)
             Began as a Minotaur Monk on Oct 1, 2023.
             Was an Initiate of the Shining One.
             Slain by a merfolk impaler
             ... wielding a +1 trident of protection
             ... created by the fury of Okawaru
              (6 damage)
             ... on level 1 of the Orcish Mines.
             The game lasted 00:42:08 (17385 turns).

BinkBink the Impaler (Minotaur Monk)               Turns: 17385, Time: 00:42:08

Health: -4/119     AC: 18    Str: 20    XL:     13   Next: 0%
Magic:  12/12      EV: 15    Int:  7    God:    the Shining One [......]
Gold:   856        SH: 16    Dex: 14    Spells: 12/12 levels left

rFire   . . .        j - +5 spear (heavy)
rCold   . . .        h - +0 kite shield
rNeg    . . .        G - +6 swamp dragon scales
rPois   +            (helmet restricted)
rElec   .            p - +0 cloak
rCorr   .            (no gloves)
SInv    +            (no boots)
Will    .....        f - amulet of reflection
Stlth   +            y - ring of see invisible
HPRegen 0.39/turn    (no ring)
MPRegen 0.13/turn

%: reflection
@: glowing, studying 2 skills
A: horns 2, retaliatory headbutt
a: Renounce Religion


You were on level 1 of the Orcish Mines.
You worshipped the Shining One.
The Shining One was noncommittal.
You visited 4 branches of the dungeon, and saw 17 of its levels.

You collected 856 gold pieces.

Inventory:

Hand Weapons
 j - a +5 heavy spear (weapon)
 n - a +2 scythe of flaming
 s - a +4 bardiche of venom
Armour
 d - an orb of light
 h - a +0 kite shield (worn)
 l - a +0 plate armour
 p - a +0 cloak (worn)
 G - +6 swamp dragon scales (worn)
 J - the +10 plate armour "Qlxr Cappi" {rN+ Int+3}
   (Okawaru gifted it to you on level 2 of the Lair of Beasts)

   Int+3:     It affects your intelligence (+3).
   rN+:       It protects you from negative energy.
Jewellery
 f - an amulet of reflection (around neck)
 i - a ring of ice
 t - a ring of wizardry
 y - a ring of see invisible (left hand)
 z - an amulet of magic regeneration
Talismans
 g - a serpent talisman
Wands
 a - a wand of mindburst (21)
 c - a wand of paralysis (3)
 u - a wand of quicksilver (4)
 w - a wand of polymorph (8)
 F - a wand of iceblast (30)
 I - a wand of flame (7)
Scrolls
 b - a scroll of blinking {unknown}
 e - 8 scrolls of teleportation
 k - a scroll of silence
 v - 2 scrolls of fog
 E - 3 scrolls of immolation
 K - a scroll of vulnerability
 L - 5 scrolls of noise
 N - a scroll of torment
 O - a scroll of revelation
Potions
 m - 4 potions of curing
 o - a potion of brilliance
 q - a potion of ambrosia
 x - 3 potions of cancellation
 A - a potion of haste
 B - a potion of degeneration
 C - a potion of mutation
 D - 3 potions of lignification
 H - a potion of invisibility


   Skills:
 - Level 12.6 Fighting
 + Level 17.3 Polearms
 - Level 11.8 Armour
 - Level 11.6 Dodging
 - Level 9.1 Shields


You had 12 spell levels left.
You didn't know any spells.
Your spell library contained the following spells:

 Spells                   Type           Power      Damage    Failure   Level
 Ensorcelled Hibernation  Hex/Ice        0%         N/A       90%         2
 Jinxbite                 Hex            0%         N/A       90%         2
 Lesser Beckoning         Tloc           0%         N/A       90%         2
 Gell's Gravitas          Tloc           0%         N/A       99%         3
 Hailstorm                Conj/Ice       0%         3d3       99%         3
 Ozocubu's Armour         Ice            0%         N/A       99%         3
 Stone Arrow              Conj/Erth      0%         3d7       99%         3
 Teleport Other           Tloc           0%         N/A       99%         3
 Anguish                  Hex/Necr       0%         N/A       100%        4
 Animate Armour           Summ/Erth      0%         N/A       100%        4
 Cause Fear               Hex            0%         N/A       100%        4
 Leda's Liquefaction      Hex/Erth       0%         N/A       100%        4
 Olgreb's Toxic Radiance  Pois           0%         N/A       100%        4
 Summon Ice Beast         Ice/Summ       0%         N/A       100%        4
 Lee's Rapid Deconstruct  Erth           0%         3d4*      100%        5
 Metabolic Englaciation   Hex/Ice        0%         N/A       100%        5
 Bombard                  Conj/Erth      0%         9d1       100%        6
 Dispersal                Tloc           0%         N/A       100%        6
 Simulacrum               Ice/Necr       0%         N/A       100%        6
 Enfeeble                 Hex            0%         N/A       100%        7
 Discord                  Hex            0%         N/A       100%        8
 Ignition                 Fire           0%         3d3       100%        8
 Lehudib's Crystal Spear  Conj/Erth      0%         10d2      100%        8


Dungeon Overview and Level Annotations

Branches:
Dungeon (13/15)            Temple (1/1) D:5            Lair (2/5) D:11
    Orc (1/2) D:10
  Swamp: Lair:2-3    Shoals: Lair:2-3     Snake: Lair:2-3    Spider: Lair:2-3
 Vaults: D:13-14

Altars:
Ashenzari
Cheibriados
Dithmenos
Elyvilon
Fedhas
Gozag
Hepliaklqana
Kikubaaqudgha
Makhleb
Nemelex Xobeh
Okawaru
Qazlal
Ru
Sif Muna
Trog
Uskayaw
Vehumet
Wu Jian
Xom
Yredelemnul
Zin
The Shining One

Shops:
D:9 [   D:10 :

Annotations:
D:3 2 transporters
D:6 1 runed translucent door, Crazy Yiuf
Lair:1 3 runed translucent doors, Talonman3's ghost, journeyman DrCj


Innate Abilities, Weirdness & Mutations

You have a pair of horns on your head.
You reflexively headbutt those who attack you in melee.


Message History

The merfolk javelineer throws a silver javelin.
The silver javelin pierces through you!
* * * LOW HITPOINT WARNING * * *
You block the merfolk's attack. x2; The cyclops closely misses you.
You puncture the cyclops!
You kill the cyclops!
That felt strangely unrewarding.
You block the tengu warrior's attack. x2
The tengu warrior misses you. The merfolk barely misses you.
You block the merfolk javelineer's attack.
An orc wizard comes into view. It is wielding a +0 dagger.
The merfolk misses you. The merfolk hits you with a +0 trident!
* * * LOW HITPOINT WARNING * * *
You feel better.
Your surroundings suddenly seem different.
Found an escape hatch in the floor.
The merfolk shouts!
The naga warrior shouts!
The naga warrior roars a battlecry!
You block the merfolk's attack.
As you read the scroll of teleportation, it crumbles to dust.
You feel strangely unstable.
The merfolk hits you from afar with a +0 halberd!
* * * LOW HITPOINT WARNING * * *
The merfolk hits you from afar with a +0 spear.
* * * LOW HITPOINT WARNING * * *
You block the merfolk impaler's attack. The merfolk attacks as it pursues you!
The merfolk misses you. The merfolk attacks as it pursues you!
You block the merfolk's attack.
Your surroundings suddenly seem different.
The naga spits poison at you.
You block the splash of poison... and reflect it back!
The splash of poison hits the naga.
The minotaur throws a javelin.
The javelin barely misses you.
Items here: )) [[ †.
The merfolk impaler hits you from afar with a +1 trident of protection!
* * * LOW HITPOINT WARNING * * *
The minotaur throws a javelin.
The javelin closely misses you.
There is a staircase back to the Dungeon, spattered with blood here.
The merfolk impaler closely misses you. You block the merfolk's attack.
The merfolk impaler hits you from afar with a +1 trident of protection.
You die...

#...... #..... ####
..... ##..## #...##
#....# #....##
##..##
####....#####.##
##.#....m#.##...#
#......m#..)#...#
#...>..#.#Hm>@)....#
##.#..........)....#
##......#...N....##
##.........N....##
###.#.##....#...#
######...#...##
.....##...#
.....####.## .....
###


You could see a minotaur, a merfolk impaler, a naga warrior, 2 merfolk and a
naga (strong).

Vanquished Creatures
  An orc warlord (D:10)
  A stone giant (D:10)
  3 two-headed ogres
  A boulder beetle (D:11)
  3 death yaks (D:11)
  3 tengu warriors
  Urug (D:12)
  Amaemon (D:8)
  A skyshark (Lair:2)
  A skeletal warrior (D:13)
  A deep elf pyromancer (D:12)
  An orc sorcerer (Orc:1)
  A manticore (D:11)
  4 elephants (Lair:2)
  2 cyclopes
  A naga mage (D:8)
  An orange demon (D:8)
  A gargoyle (D:9)
  An unseen horror (D:11)
  4 komodo dragons
  Maggie (D:7)
  2 cane toads (Lair:1)
  6 trolls
  6 slime creatures (D:12)
  Sigmund (D:3)
  19 yaks
  A basilisk (Lair:1)
  3 wraiths
  5 vampire mosquitoes
  2 wargs
  2 acid dragons (D:10)
  3 nagas
  4 water moccasins
  An ice beast (D:7)
  9 orc warriors
  A black bear (D:6)
  5 wolves (Lair:1)
  2 ogres
  10 centaurs
  3 kobold brigands
  4 phantoms
  6 bullfrogs
  2 gnoll sergeants
  2 scorpions
  3 wights (D:8)
  14 killer bees
  6 electric eels (D:12)
  A howler monkey (D:8)
  A lava snake (D:13)
  3 hounds
  2 jellies
  10 orc priests
  7 iguanas
  2 sleepcaps
  13 orc wizards
  12 hell rats (Lair:1)
  17 gnolls
  7 adders
  2 shadow imps
  2 white imps
  2 ufetubi
  3 worms
  2 dart slugs
  49 orcs
  6 endoplasms
  4 giant cockroaches
  4 goblins
  11 hobgoblins
  10 jackals
  18 kobolds
  6 quokkas
  8 ball pythons
  9 bats
  A frilled lizard (D:2)
  6 rats
  A butterfly (D:5)
375 creatures vanquished.

Vanquished Creatures (others)
  A deep elf pyromancer (D:9)
  An orc priest (Orc:1)
2 creatures vanquished.

Grand Total: 377 creatures vanquished

Notes
Turn   | Place    | Note
-------+----------+-------------------------------------------
     0 | D:1      | BinkBink the Minotaur Monk began the quest for the Orb.
     0 | D:1      | Reached XP level 1. HP: 19/19 MP: 0/0
   101 | D:1      | Reached XP level 2. HP: 27/27 MP: 1/1
   165 | D:1      | Reached skill level 4 in Polearms
   601 | D:2      | Reached XP level 3. HP: 23/33 MP: 2/2
  1092 | D:2      | Reached skill level 1 in Armour
  1281 | D:2      | Reached XP level 4. HP: 18/41 MP: 3/3
  1976 | D:3      | Noticed Sigmund
  2216 | D:3      | Reached XP level 5. HP: 44/47 MP: 4/4
  2291 | D:3      | Reached skill level 5 in Fighting
  2291 | D:3      | Reached skill level 5 in Polearms
  2379 | D:3      | Killed Sigmund
  2380 | D:3      | Reached skill level 5 in Dodging
  2380 | D:3      | Reached XP level 6. HP: 51/56 MP: 5/5
  2601 | D:3      | Found a transporter.
  2742 | D:3      | Found a glowing silver altar of Zin.
  2742 | D:3      | Found a burning altar of Makhleb.
  2750 | D:3      | Found a sacrificial altar of Ru.
  2752 | D:3      | Found a bloodstained altar of Trog.
  2754 | D:3      | Found a hazy altar of Hepliaklqana.
  2804 | D:3      | Found a transporter.
  3164 | D:4      | Reached XP level 7. HP: 59/62 MP: 6/6
  3422 | D:4      | Found a radiant altar of Vehumet.
  3750 | D:5      | Entered Level 5 of the Dungeon
  3762 | D:5      | Reached skill level 6 in Polearms
  3914 | D:5      | Found a staircase to the Ecumenical Temple.
  3973 | Temple   | Entered the Ecumenical Temple
  3991 | Temple   | Became a worshipper of Warmaster Okawaru
  3991 | Temple   | Reached * piety under Okawaru
  3991 | Temple   | Reached ** piety under Okawaru
  4409 | D:6      | Reached skill level 5 in Armour
  4409 | D:6      | Reached XP level 8. HP: 68/71 MP: 7/7
  4521 | D:6      | Reached skill level 7 in Polearms
  4734 | D:6      | Found a shadowy altar of Dithmenos.
  4786 | D:6      | Found a sparkling altar of Nemelex Xobeh.
  4935 | D:6      | Found a runed translucent door.
  4936 | D:6      | Noticed Crazy Yiuf
  5094 | D:6      | Reached *** piety under Okawaru
  5744 | D:7      | Reached skill level 8 in Polearms
  5744 | D:7      | Reached XP level 9. HP: 74/81 MP: 8/8
  5748 | D:7      | Noticed Maggie
  6331 | D:7      | Killed Maggie
  6331 | D:7      | Reached **** piety under Okawaru
  6593 | D:6      | Identified a scroll of acquirement
  6593 | D:6      | Acquired a manual of Shapeshifting
  7321 | D:8      | Reached skill level 9 in Polearms
  7362 | D:8      | Reached skill level 1 in Shields
  7368 | D:8      | Found a shimmering blue altar of Sif Muna.
  7406 | D:8      | Noticed an orange demon
  7568 | D:8      | You fall into a shaft and drop 2 floors!
  7568 | D:10     | Entered Level 10 of the Dungeon
  7736 | D:9      | Reached XP level 10. HP: 83/91 MP: 9/9
  7985 | D:9      | Found Bempath's Antique Armour Shop.
  8192 | D:9      | Reached ***** piety under Okawaru
  8335 | D:9      | Noticed a gargoyle
  8376 | D:8      | Noticed Amaemon
  8414 | D:7      | Acquired a manual of Polearms
  8652 | D:9      | Killed a gargoyle
  8653 | D:9      | Reached skill level 10 in Fighting
  8653 | D:9      | Reached skill level 10 in Polearms
  8706 | D:9      | Noticed a deep elf pyromancer
  8712 | D:9      | Received a gift from Okawaru
  8719 | D:9      | Killed a deep elf pyromancer
  9522 | D:10     | Reached skill level 5 in Shields
  9539 | D:10     | Reached skill level 11 in Polearms
  9580 | D:10     | Found a staircase to the Orcish Mines.
  9632 | D:10     | Reached XP level 11. HP: 98/101 MP: 10/10
  9683 | D:10     | Noticed a two-headed ogre
  9694 | D:10     | Killed a two-headed ogre
  9919 | D:10     | Found Teasebre's Tremendous Tomes.
 10468 | D:10     | Noticed a two-headed ogre
 10476 | D:10     | Killed a two-headed ogre
 10476 | D:10     | Received a gift from Okawaru
 10477 | D:10     | Reached skill level 10 in Dodging
 10991 | D:11     | Noticed a boulder beetle
 10994 | D:11     | Noticed a death yak
 11002 | D:11     | Noticed a death yak
 11005 | D:11     | Noticed a death yak
 11021 | D:11     | Reached skill level 12 in Polearms
 11021 | D:11     | Reached skill level 10 in Armour
 11660 | D:11     | Noticed a tengu warrior
 11677 | D:11     | Killed a tengu warrior
 11823 | D:11     | Killed a boulder beetle
 11823 | D:11     | Received a gift from Okawaru
 11891 | D:11     | Found a staircase to the Lair.
 12048 | D:11     | Killed a death yak
 12061 | D:11     | Killed a death yak
 12069 | D:11     | Killed a death yak
 12070 | D:11     | Reached skill level 13 in Polearms
 12642 | D:12     | Found a shimmering altar of Xom.
 12642 | D:12     | Found a shimmering altar of Xom.
 12642 | D:12     | Found a shimmering altar of Xom.
 12643 | D:12     | Found a shimmering altar of Xom.
 12643 | D:12     | Found a shimmering altar of Xom.
 12644 | D:12     | Found a shimmering altar of Xom.
 12660 | D:12     | Noticed a deep elf pyromancer
 12673 | D:12     | Killed a deep elf pyromancer
 12883 | D:12     | Reached XP level 12. HP: 112/112 MP: 11/11
 12959 | D:12     | Noticed Urug
 12992 | D:12     | Killed Urug
 13120 | D:12     | Received a gift from Okawaru
 13305 | D:12     | Found a shimmering altar of Xom.
 14004 | Orc:1    | Entered Level 1 of the Orcish Mines
 14012 | Orc:1    | Noticed an orc warlord
 14077 | Lair:1   | Entered Level 1 of the Lair of Beasts
 14385 | Lair:1   | Reached skill level 14 in Polearms
 14561 | Lair:1   | Found a runed translucent gate.
 14562 | Lair:1   | Found a runed translucent gate.
 14564 | Lair:1   | Found a runed translucent gate.
 14565 | Lair:1   | Noticed Talonman3's ghost (journeyman DrCj)
 14566 | Lair:1   | Noticed an 11-headed hydra
 15247 | Lair:2   | Reached ****** piety under Okawaru
 15255 | Lair:2   | Received a gift from Okawaru
 15356 | Lair:2   | Acquired a +4 bardiche of venom
 15356 | Lair:2   | Received a gift from Okawaru
 15358 | Lair:2   | Acquired the +10 plate armour "Qlxr Cappi" {rN+ Int+3}
 15358 | Lair:2   | Received a gift from Okawaru
 15868 | Temple   | Fell from the grace of Okawaru
 15868 | Temple   | Became a worshipper of the Shining One
 16372 | D:8      | Killed Amaemon
 16373 | D:8      | Reached skill level 15 in Polearms
 16386 | D:8      | Noticed an orc warlord
 16386 | D:8      | Noticed a naga warrior
 16686 | D:13     | Noticed a two-headed ogre
 16692 | D:13     | Killed a two-headed ogre
 16725 | D:13     | Reached skill level 16 in Polearms
 16797 | D:12     | a steelbarb worm changed into an anaconda
 16797 | D:12     | Noticed an anaconda (shapeshifter)
 16964 | D:10     | Killed an orc warlord
 17050 | D:10     | Noticed a tengu warrior
 17050 | D:10     | Noticed a tengu warrior
 17050 | D:10     | Noticed a stone giant
 17067 | D:10     | Killed a tengu warrior
 17074 | D:10     | Killed a stone giant
 17090 | D:10     | Killed a tengu warrior
 17301 | Orc:1    | Noticed a merfolk impaler
 17301 | Orc:1    | Noticed a naga warrior
 17301 | Orc:1    | Noticed a minotaur
 17321 | Orc:1    | Reached skill level 17 in Polearms
 17371 | Orc:1    | Reached XP level 13. HP: 48/119 MP: 12/12
 17374 | Orc:1    | Noticed a merfolk javelineer
 17384 | Orc:1    | HP: 1/119 [merfolk impaler/+1 trident of protection[the
                  | fury of Okawaru] (15)]
 17385 | Orc:1    | Slain by a merfolk impaler

Illustrated notes

Levels and vault maps discovered:
D:1:      eino_arrival_water_star, layout_basic
D:2:      layout_loops_ring, grunt_decor_resistance
D:3:      gammafunk_wand_slinger, layout_loops_ring,
          chequers_temple_overflow_minitemple, uniq_sigmund
D:4:      layout_loops_cross, kennysheep_mini, kennysheep_nondescript
D:5:      layout_cave_pools, minmay_temple_entry_butterflies
D:6:      layout_cave_pods, grunt_dithmenos_shadows, nemelex_dance_club_becter,
          minmay_starry_boxes, uniq_crazy_yiuf_cottage
D:7:      layout_cave_pools, uniq_maggie
D:8:      layout_basic, kennysheep_little_box, fountainhead, uniq_amaemon
D:9:      kennysheep_big_flooded_room, layout_rooms, serial_shops,
          nicolae_shop_behind_doors
D:10:     layout_basic, erik_orc_4, nicolae_shop_i_like_big_books,
          moated_statue, kennysheep_dice
D:11:     layout_roguey, dpeg_lair_monsters
D:12:     layout_layer_cave, serial_bayou, serial_bayou_lake_a,
          serial_bayou_ford_a, serial_bayou_pond_e, serial_bayou_pond_d,
          xom_shifter_show, uniq_urug
D:13:     cheibrodos_magma_flow, layout_rooms, minmay_between
Temple:   cyrus_circular_temple
Lair:1:   layout_misc_corridors, gammafunk_ghost_hydra_chop,
          nicolae_quartered_pool_medium
Lair:2:   layout_hall_layers, nicolae_shoals_entry_roost
Orc:1:    layout_caves, basic_altar

Skill      XL: |  1  2  3  4  5  6  7  8  9 10 11 12 |
---------------+-------------------------------------+-----
Polearms       | 4 5 6 8 9 11 13 17 | 17.3
Fighting       | 4 5 6 8 9 10 11 12 | 12.6
Armour         | 1 2 3 5 6 8 9 10 11 | 11.8
Dodging        | 4 5 6 7 8 9 10 11 | 11.6
Shields        | 2 5 7 9 |  9.1

Action                     |  1- 3 |  4- 6 |  7- 9 | 10-12 | 13-15 || total
---------------------------+-------+-------+-------+-------+-------++-------
  Melee: Spear             |    97 |   110 |   261 |   754 |     3 ||  1225
         Headbutt          |    16 |    11 |    35 |   173 |     1 ||   236
 Invoke: Receive Weapon    |       |       |       |     1 |       ||     1
         Receive Armour    |       |       |       |     1 |       ||     1
    Use: Potion            |     2 |       |     4 |     6 |     1 ||    13
         Scroll            |       |       |    14 |    23 |     2 ||    39
 Armour: Robe              |    37 |    36 |    75 |       |       ||   148
         Swamp dragon scal |       |       |    43 |   354 |     6 ||   403
  Dodge: Dodged            |    53 |    43 |   176 |   281 |     8 ||   561
  Block: Kite shield       |       |       |       |   417 |    10 ||   427
         Reflection        |       |       |       |    23 |     1 ||    24

Table legend: (Time is in decaauts)
 A = Elapsed time spent in this place.
 B = Non-inter-level travel time spent in this place.
 C = Inter-level travel time spent in this place.
 D = Time resting spent in this place.
 E = Time spent auto-exploring this place.
 F = Levels seen in this place.
 G = Mean time per level.
                   A        B        C        D        E       F      G
               +--------+--------+--------+--------+--------+-----+--------+
         Total |  17395 |  15710 |   1685 |   1945 |  10814 |  17 | 1023.2 |
       Dungeon |  15780 |  14219 |   1561 |   1690 |   9882 |  13 | 1213.8 |
        Temple |     76 |     20 |     56 |      0 |      0 |   1 |   76.0 |
          Lair |   1426 |   1359 |     67 |    252 |    906 |   2 |  713.0 |
  Orcish Mines |    113 |    113 |      0 |      3 |     25 |   1 |  113.0 |
               +--------+--------+--------+--------+--------+-----+--------+

Top non-repeatable levels by time:
     D:6: 2430 daAuts
    D:10: 2012 daAuts
    D:12: 1841 daAuts
    D:11: 1745 daAuts
     D:9: 1459 daAuts
     D:2: 1122 daAuts
     D:1: 1106 daAuts
     D:8: 982 daAuts
  Lair:1: 957 daAuts
     D:3: 852 daAuts
     D:4: 839 daAuts
     D:7: 749 daAuts
     D:5: 589 daAuts
  Lair:2: 468 daAuts
   Orc:1: 113 daAuts
